 Dungeon Crawl Stone Soup version 0.28.0-45-g0d030f2227 (webtiles) character file.

Game seed: 11781893788184646447

180 101zpm the Gusty (level 5, -7/37 HPs)
             Began as a Gnoll Air Elementalist on Apr 21, 2022.
             Mangled by a hornet zombie (13 damage)
             ... on level 6 of the Dungeon.
             The game lasted 00:10:34 (3610 turns).

101zpm the Gusty (Gnoll Air Elementalist)           Turns: 3610, Time: 00:10:34

Health: -7/37      AC:  2    Str:  8    XL:     5   Next: 60%
Magic:  1/12       EV: 13    Int: 16    God:
Gold:   159        SH:  0    Dex: 12    Spells: 0/14 levels left

rFire   . . .      SeeInvis .     - Unarmed
rCold   . . .      Faith    .   (no shield)
rNeg    . . .      Spirit   .   a - +0 robe
rPois   .          Reflect  .   j - +0 hat
rElec   .          Harm     .   (no cloak)
rCorr   .          Rampage  .   (no gloves)
Will    .....                   (no boots)
Stlth   +++.......              (no amulet)
HPRegen 0.12/turn               (no ring)
MPRegen 0.13/turn               (no ring)

@: sluggish, very slow
A: fangs 1, strong nose, distributed training
a: no special abilities


You were on level 6 of the Dungeon.
You visited 1 branch of the dungeon, and saw 6 of its levels.

You collected 159 gold pieces.

Inventory:

Armour
 a - a +0 robe (worn)
 j - a +0 hat (worn)
Jewellery
 f - a +6 ring of strength
Wands
 i - a wand of iceblast (10)
Scrolls
 b - 2 scrolls of identify
 k - 2 scrolls of immolation
Potions
 c - a potion of curing {unknown}
 d - a potion of flight {unknown}
 e - 2 potions of brilliance {unknown}
 g - 4 potions of mutation {unknown}


   Skills:
 + Level 1.5 Fighting
 + Level 1.5 Short Blades
 + Level 1.5 Long Blades
 + Level 1.5 Axes
 + Level 1.5 Maces & Flails
 + Level 1.5 Polearms
 + Level 1.5 Staves
 + Level 1.5 Slings
 + Level 1.5 Bows
 + Level 1.5 Crossbows
 + Level 1.5 Throwing
 + Level 1.5 Armour
 + Level 4.8 Dodging
 + Level 4.4 Stealth
 + Level 1.5 Shields
 + Level 1.5 Unarmed Combat
 + Level 5.2 Spellcasting
 + Level 2.4 Conjurations
 + Level 1.2 Hexes
 + Level 1.2 Summonings
 + Level 1.2 Necromancy
 + Level 1.2 Translocations
 + Level 1.2 Transmutations
 + Level 1.2 Fire Magic
 + Level 1.2 Ice Magic
 + Level 5.5 Air Magic
 + Level 1.2 Earth Magic
 + Level 1.2 Poison Magic
 + Level 1.7 Invocations
 + Level 1.5 Evocations


You couldn't memorise any spells.
You knew the following spells:

 Your Spells              Type           Power      Damage    Failure   Level
a - Shock                 Conj/Air       68%        1d7       3%          1
b - Swiftness             Air            22%        N/A       4%          3
c - Tukima's Dance        Hex            8%         N/A       26%         3
d - Airstrike             Air            11%        N/A       16%         4
e - Static Discharge      Conj/Air       17%        N/A       4%          2
f - Beastly Appendage     Tmut           16%        N/A       9%          1

Your spell library contained the following spells:

 Spells                   Type           Power      Damage    Failure   Level
 Wereblood                Tmut           8%         N/A       14%         2
 Conjure Flame            Conj/Fire      10%        6-21      22%         3
 Ignite Poison            Fire/Tmut/Pois 8%         N/A       26%         3
 Spider Form              Tmut/Pois      8%         N/A       26%         3
 Sticky Flame             Conj/Fire      10%        2d3       56%         4
 Anguish                  Hex/Necr       4%         N/A       65%         4
 Animate Dead             Necr           4%         N/A       65%         4
 Enfeeble                 Hex            4%         N/A       100%        7
 Haunt                    Necr/Summ      4%         N/A       100%        7
 Infestation              Necr           4%         N/A       100%        8


Dungeon Overview and Level Annotations

Branches:
Dungeon (6/15)
 Temple: D:4-7

Altars:

Shops:
D:4 !

Annotations:
D:4 Grinder


Innate Abilities, Weirdness & Mutations

You have very sharp teeth.
Your uncanny sense of smell can sniff out nearby items.
Your experience applies equally to all skills.


Message History

Press: ? - help, Q - select action, (/) - cycle Shift-Dir - straight line, f/p - hornet zombie
Aim: a hornet zombie (moderately damaged, 75% to hit)
The zap misses the hornet zombie.
The hornet zombie hits you! The hornet zombie misses you.
Casting: Shock (safe; 3% risk of failure)
Confirm with . or Enter, or press ? or * to list all spells.
The spell is quite dangerous to miscast (16% risk of failure)!
Continue anyway?
Aiming: Airstrike (quite dangerous; 16% risk of failure)
Press: ? - help, Dir - move target, f/p - hornet zombie
Aim: a hornet zombie (moderately damaged, empty space bonus: 5/8)
The air twists around and strikes the hornet zombie!
The hornet zombie is heavily damaged.
The hornet zombie hits you.
Casting: Airstrike (quite dangerous; 16% risk of failure)
Confirm with . or Enter, or press ? or * to list all spells.
The hornet zombie is struck by an arc of lightning.
The hornet zombie is severely damaged.
You are struck by an arc of lightning.
The lightning grounds out.
The hornet zombie closely misses you.
Casting: Static Discharge (safe; 4% risk of failure)
Confirm with . or Enter, or press ? or * to list all spells.
You don't have enough magic to cast this spell.
The hornet zombie closely misses you. The hornet zombie barely misses you.
Casting: Static Discharge (safe; 4% risk of failure)
Confirm with . or Enter, or press ? or * to list all spells.
Okay, then.
The hornet zombie misses you. The hornet zombie hits you.
The hornet zombie hits you.
Casting: Static Discharge (safe; 4% risk of failure)
Confirm with . or Enter, or press ? or * to list all spells.
You feel quick. The hornet zombie hits you. The hornet zombie hits you!
* * * LOW HITPOINT WARNING * * *
Found a stone staircase leading down.
You start to feel a little slower.
You feel sluggish.
You hear the rusting of a very distant drain.
The hornet zombie hits you!
You die...

.# #.##.#.#.###.#.#######.#.##
.. .........###.#[# #.#.# ..
................# #.#.#
.................#.#######.#.##
.#.##.#.#..#.#.###............#
......>#.#.# #.#######.#.##
.#.####.#.# #.#..........#
#.####.#.###.#.#####.#.##
.........Z@....# #.#.#
.######.###<#.# #.#.# #.# #.#.#
#.#.# #.. ....# #.#.# #.....#.#
#.# ∆ #.##..#.# #.# #.##..#.#
.. ...... ##..#.#


You could see a hornet zombie.

Vanquished Creatures
  A centaur skeleton (D:6)
  Jessica (D:2)
  6 adders
  2 ufetubi (D:6)
  A worm (D:4)
  2 orcs
  4 endoplasms
  3 giant cockroaches
  6 goblins
  5 hobgoblins
  2 jackals (D:2)
  4 quokkas
  6 ball pythons
  6 bats
  6 frilled lizards
  4 kobolds
  5 rats
64 creatures vanquished.

Notes
Turn   | Place    | Note
-------+----------+-------------------------------------------
     0 | D:1      | 101zpm the Gnoll Air Elementalist began the quest for the
                  | Orb.
     0 | D:1      | Reached XP level 1. HP: 13/13 MP: 6/6
   214 | D:1      | Reached XP level 2. HP: 19/19 MP: 4/7
   510 | D:1      | Found a faded altar of an unknown god.
  1160 | D:2      | Reached XP level 3. HP: 25/25 MP: 7/9
  1293 | D:2      | Reached skill level 5 in Spellcasting
  1481 | D:2      | Noticed Jessica
  1487 | D:2      | Killed Jessica
  1488 | D:2      | Reached skill level 1 in Fighting
  1488 | D:2      | Reached skill level 1 in Short Blades
  1488 | D:2      | Reached skill level 1 in Long Blades
  1488 | D:2      | Reached skill level 1 in Axes
  1488 | D:2      | Reached skill level 1 in Maces & Flails
  1488 | D:2      | Reached skill level 1 in Polearms
  1488 | D:2      | Reached skill level 1 in Staves
  1488 | D:2      | Reached skill level 1 in Slings
  1488 | D:2      | Reached skill level 1 in Bows
  1488 | D:2      | Reached skill level 1 in Crossbows
  1488 | D:2      | Reached skill level 1 in Throwing
  1488 | D:2      | Reached skill level 1 in Armour
  1488 | D:2      | Reached skill level 1 in Shields
  1488 | D:2      | Reached skill level 1 in Unarmed Combat
  1488 | D:2      | Reached skill level 1 in Invocations
  1488 | D:2      | Reached skill level 1 in Evocations
  1488 | D:2      | Reached XP level 4. HP: 32/32 MP: 4/11
  1926 | D:4      | Found Qomawiz's Distillery.
  1936 | D:4      | Reached skill level 1 in Hexes
  1936 | D:4      | Reached skill level 1 in Summonings
  1936 | D:4      | Reached skill level 1 in Necromancy
  1936 | D:4      | Reached skill level 1 in Translocations
  1936 | D:4      | Reached skill level 1 in Transmutations
  1936 | D:4      | Reached skill level 1 in Fire Magic
  1936 | D:4      | Reached skill level 1 in Ice Magic
  1936 | D:4      | Reached skill level 1 in Earth Magic
  1936 | D:4      | Reached skill level 1 in Poison Magic
  2251 | D:4      | Noticed Grinder
  2476 | D:3      | Reached XP level 5. HP: 37/37 MP: 9/12
  3341 | D:5      | Entered Level 5 of the Dungeon
  3527 | D:6      | Learned a level 3 spell: Swiftness
  3531 | D:6      | Learned a level 3 spell: Tukima's Dance
  3536 | D:6      | Learned a level 4 spell: Airstrike
  3539 | D:6      | Learned a level 2 spell: Static Discharge
  3541 | D:6      | Learned a level 1 spell: Beastly Appendage
  3562 | D:6      | Noticed a necrophage
  3610 | D:6      | Mangled by a hornet zombie

Illustrated notes

Levels and vault maps discovered:
D:1:      psy_arrival_terrarium, layout_basic,
          shapermc_ecumenical_altar_pompeii, grunt_decor_junction
D:2:      layout_basic, grunt_decor_arrowhead, nrook_campfire, uniq_jessica
D:3:      layout_rooms, minmay_strange_pillars, corexii_corridor_pit,
          kennysheep_generic_room_10
D:4:      kennysheep_six_static_rooms, layout_rooms, serial_shops, shop_statue,
          amcnicky_mini_pool_small, minmay_manual_mullet, uniq_grinder
D:5:      layout_loops_cross, minmay_temple_entry_wispy,
          hangedman_decor_opposing, minmay_fire_ice_demons
D:6:      layout_basic, portal_sewer_entry_f

Skill      XL: |  1  2  3  4 |
---------------+-------------+-----
Conjurations   | 2 |  2.4
Spellcasting   | 5 |  5.2
Fighting       | 1 |  1.5
Short Blades   | 1 |  1.5
Long Blades    | 1 |  1.5
Axes           | 1 |  1.5
Maces & Flails | 1 |  1.5
Polearms       | 1 |  1.5
Staves         | 1 |  1.5
Slings         | 1 |  1.5
Bows           | 1 |  1.5
Crossbows      | 1 |  1.5
Throwing       | 1 |  1.5
Armour         | 1 |  1.5
Shields        | 1 |  1.5
Unarmed Combat | 1 |  1.5
Invocations    | 1 |  1.7
Evocations     | 1 |  1.5
Hexes          | 1 |  1.2
Summonings     | 1 |  1.2
Necromancy     | 1 |  1.2
Translocations | 1 |  1.2
Transmutations | 1 |  1.2
Fire Magic     | 1 |  1.2
Ice Magic      | 1 |  1.2
Earth Magic    | 1 |  1.2
Poison Magic   | 1 |  1.2
Dodging        | |  4.8
Stealth        | |  4.4
Air Magic      | |  5.5

Action                   |  1- 3 |  4- 6 || total
-------------------------+-------+-------++-------
 Cast: Shock             |    57 |    91 ||   148
       Swiftness         |       |     1 ||     1
       Airstrike         |       |     1 ||     1
       Static Discharge  |       |     1 ||     1
  Use: Scroll            |       |     3 ||     3
Armor: Robe              |       |     4 ||     4
Dodge: Dodged            |       |    23 ||    23
